 Dungeon Crawl Stone Soup version 0.23-a0-151-gf6d1ed2717 (webtiles) character file.

275 Jesh the Sneak (level 6, 0/28 HPs)
             Began as a Spriggan Enchanter on Sept 8, 2018.
             Slain by a gnoll
             ... wielding a +0 spear
              (8 damage)
             ... on level 4 of the Dungeon.
             The game lasted 00:09:35 (5138 turns).

Jesh the Sneak (Spriggan Enchanter)                 Turns: 5138, Time: 00:09:42

Health: 0/28       AC:  2    Str:  5    XL:     6   Next: 3%
Magic:  14/14      EV: 18    Int: 18    God:
Gold:   145        SH:  0    Dex: 16    Spells: 2/14 levels left

rFire    . . .     SeeInvis +   a - +2 dagger
rCold    . . .     Gourm    .   (shield restricted)
rNeg     . . .     Faith    .   b - +0 robe
rPois    .         Spirit   .   (helmet restricted)
rElec    .         Reflect  .   (no cloak)
rCorr    .         Harm     .   (gloves unavailable)
MR       +....                  (boots unavailable)
Stlth    ++++......             (no amulet)
HPRegen  0.09/turn              (no ring)
MPRegen  0.14/turn              (no ring)

@: very slightly contaminated, invisible, very quick
A: very small, unfitting armour, see invisible, herbivore, speed 3, slow
metabolism 2
a: no special abilities


You were on level 4 of the Dungeon.
You were not hungry.

You visited 1 branch of the dungeon, and saw 4 of its levels.

You collected 145 gold pieces.

Inventory:

Hand Weapons
 a - a +2 dagger (weapon)
Armour
 b - a +0 robe (worn)
Jewellery
 k - an uncursed ring of fire
Wands
 p - a wand of random effects (15)
Scrolls
 g - 2 scrolls of immolation
 l - a scroll of fog
 o - a scroll of magic mapping
 q - a scroll of remove curse
Potions
 c - 2 potions of flight
 e - 5 potions of curing
 i - a potion of lignification
 j - a potion of resistance {unknown}
Comestibles
 d - 5 rations


   Skills:
 - Level 1.1 Short Blades
 - Level 3.0 Dodging
 + Level 7.2 Stealth
 - Level 4.9 Spellcasting
 - Level 5.5 Hexes


You had 2 spell levels left.
You knew the following spells:

 Your Spells              Type           Power        Failure   Level  Hunger
a - Ensorcelled Hibernat  Hex/Ice        ##....       7%          2    #......
b - Corona                Hex            ###....      1%          1    None
c - Confuse               Hex            ###.....     4%          3    ###....
d - Tukima's Dance        Hex            ###.....     4%          3    ###....
e - Dazzling Spray        Conj/Hex       ##....       13%         3    ###....

Your spell library contained the following spells:

 Spells                   Type           Power        Failure   Level  Hunger


Dungeon Overview and Level Annotations

Branches:
Dungeon (4/15)
 Temple: D:4-7

Altars:
Makhleb
Okawaru
Ru
Xom
The Shining One


Innate Abilities, Weirdness & Mutations

You are very small and have problems with some larger weapons.
You are too small for most types of armour.
You have supernaturally acute eyesight. (SInv)
You are a herbivore.
You cover ground extremely quickly.
You need to consume almost no food.


Message History

The gnoll closely misses you.
You struggle against the net.
The orc priest barely misses you. The gnoll closely misses you.
You struggle against the net.
The orc wizard is no longer blind.
The orc priest closely misses you. The gnoll barely misses you.
The gnoll hits you from afar with a spear!
You rip the net and break free!
You feel less invigorated.
You feel less confused.
The orc priest is no longer blind.
The orc wizard gestures at the orc priest while chanting.
The puff of flame hits the orc priest.
The orc priest dies!
You have reached level 6!
Your experience leads to an increase in your attributes!
Increase (S)trength, (I)ntelligence, or (D)exterity?
You feel stronger. The gnoll hits you with a club.
* * * LOW HITPOINT WARNING * * *
The gnoll hits you from afar with a spear!
You die...

#......# #......# #......#
######......####################
#...###'##..!...................
#<...)...'.........)............
#....)...#.......o...........oo.
#.....)..#......)gg........o....
#........#.....@g..........o....
######...#......g##...##.#######
#...##...#.......#.....#...
#....#...#....[....[_......#
#....#...#.......#.....#...#
#....#...#.......##...##...#
#....#...#...>.............#
#....#...#................##
#....#...#.................


You could see an orc wizard and 4 gnolls.

Vanquished Creatures
  A scorpion (D:4)
  An orc wizard (D:4)
  A worker ant (D:4)
  4 adders
  3 worms
  A dart slug (D:1)
  A leopard gecko (D:1)
  13 orcs
  6 giant cockroaches
  11 hobgoblins
  4 jackals
  A quokka (D:3)
  7 bats
  4 frilled lizards
  3 goblins
  5 kobolds
  11 rats
77 creatures vanquished.

Vanquished Creatures (collateral kills)
  An orc wizard (D:3)
1 creature vanquished.

Vanquished Creatures (others)
  An orc priest (D:4)
1 creature vanquished.

Grand Total: 79 creatures vanquished

Notes
Turn   | Place    | Note
-------+----------+-------------------------------------------
     0 | D:1      | Jesh the Spriggan Enchanter began the quest for the Orb.
     0 | D:1      | Reached XP level 1. HP: 9/9 MP: 5/5
   446 | D:1      | Reached XP level 2. HP: 12/13 MP: 7/7
   450 | D:1      | Learned a level 2 spell: Ensorcelled Hibernation
   492 | D:1      | Found a glowing golden altar of the Shining One.
  1421 | D:2      | Reached XP level 3. HP: 16/16 MP: 9/9
  1430 | D:1      | Learned a level 3 spell: Confuse
  1434 | D:1      | Learned a level 3 spell: Tukima's Dance
  2710 | D:2      | Reached skill level 5 in Hexes
  2710 | D:2      | Reached XP level 4. HP: 21/21 MP: 11/11
  2853 | D:2      | Found a sacrificial altar of Ru.
  3100 | D:2      | Found a burning altar of Makhleb.
  3764 | D:3      | Found a shimmering altar of Xom.
  3823 | D:3      | Learned a level 3 spell: Dazzling Spray
  4713 | D:3      | Reached XP level 5. HP: 24/24 MP: 13/13
  4844 | D:4      | Reached skill level 5 in Stealth
  4877 | D:4      | Reached skill level 6 in Stealth
  4956 | D:4      | Found an iron altar of Okawaru.
  5128 | D:4      | Reached skill level 7 in Stealth
  5138 | D:4      | Reached XP level 6. HP: 14/28 MP: 14/14
  5138 | D:4      | Slain by a gnoll

Vault maps used:
D:1:      tarquinn_simple_flora_water_d, minmay_misc_feat_columns,
          tso_metal_star
D:2:      nicolae_ru_the_path_less_chosen, marbit_many_paths, item_on_display_a
D:3:      xom_teletrap_fun, minivault_11, corexii_item_surrounded_by_moat,
          minmay_misc_feat_hallway
D:4:      okawaru_gym_becter, chequers_temple_overflow_minitemple,
          minmay_temple_entry_fiery

Skill      XL: |  1  2  3  4  5 |
---------------+----------------+-----
Spellcasting   | 3 4 |  4.9
Hexes          | 4 5 |  5.5
Stealth        | 7 |  7.2
Short Blades   | |  1.1
Dodging        | |  3.0

Action                   |  1- 3 |  4- 6 || total
-------------------------+-------+-------++-------
Melee: Dagger            |   121 |    80 ||   201
 Cast: Corona            |     5 |       ||     5
       Ensorcelled Hiber |     9 |    25 ||    34
       Confuse           |       |     2 ||     2
       Tukima's Dance    |       |     1 ||     1
       Dazzling Spray    |       |     5 ||     5
  Use: Scroll            |     6 |     9 ||    15
       Potion            |       |     4 ||     4
 Stab: Sleeping          |    23 |    20 ||    43
       Invisible         |       |     1 ||     1
  Eat: Ration            |       |     2 ||     2
Armor: Robe              |     9 |     2 ||    11
Dodge: Dodged            |    95 |    48 ||   143

Table legend:
 A = Non-vault XP
 B = Vault XP
 C = Vault XP percentage of total XP
 D = Non-vault monster count
 E = Vault monster count
 F = Vault count percentage of total count
                 A         B        C        D         E       F
            +---------+---------+-------+---------+---------+-------
      Total |     392 |       2 |   0.5 |      78 |       1 |   1.3
            +---------+---------+-------+---------+---------+-------
        D:1 |      41 |       0 |   0.0 |      26 |       0 |   0.0
        D:2 |      74 |       2 |   2.6 |      22 |       1 |   4.3
        D:3 |      88 |       0 |   0.0 |      22 |       0 |   0.0
        D:4 |     189 |       0 |   0.0 |       8 |       0 |   0.0
            +---------+---------+-------+---------+---------+-------
